 Dungeon Crawl Stone Soup version 0.32-a0-41-gec2d92a32c (webtiles) character file.

Game seed: 16030007329265526232

50 Newt the Insei (level 3, -6/24 HPs)
             Began as an Octopode Shapeshifter on Jan 25, 2024.
             Mangled by a gnoll
             ... wielding a +0 halberd
              (10 damage)
             ... on level 2 of the Dungeon.
             The game lasted 00:01:06 (960 turns).

Newt the Insei (Octopode Shapeshifter)               Turns: 960, Time: 00:01:07

Health: -6/24      AC:  1    Str: 13    XL:     3   Next: 79%
Magic:  3/3        EV: 13    Int: 12    God:
Gold:   10         SH:  0    Dex: 13    Spells: 2/2 levels left

rFire   . .          .
                       - Unarmed
rCold   . . .        (no shield)
rNeg    . . .        (helmet currently unavailable)
rPois   .            (no amulet)
rElec   .            (no ring)
rCorr   .            (no ring)
SInv    .            (no ring)
Will    .....        (no ring)
Stlth   ++           (no ring)
HPRegen 0.24/turn    (no ring)
MPRegen 0.08/turn    (no ring)
                     (no ring)

%: no passive effects
@: beast-form
A: beast (slay +1), almost no armour, amphibious, 8 rings, camouflage 1,
gelatinous body 1, (nimble swimmer 1), tentacles
a: Begin Untransformation


You were on level 2 of the Dungeon.
You were a hulking beast.
You visited 1 branch of the dungeon, and saw 2 of its levels.

You collected 10 gold pieces.

Inventory:

Talismans
 b - a beast talisman
 c - a flux talisman
Scrolls
 d - a scroll of revelation {unknown}
 e - a scroll of teleportation {unknown}
 f - a scroll of blinking {unknown}
 g - a scroll of silence {unknown}
 i - a scroll of amnesia {unknown}
Potions
 a - a potion of lignification
 h - a potion of degeneration {unknown}


   Skills:
 + Level 1.7 Fighting
 * Level 2.9 Dodging
 * Level 3.7 Unarmed Combat
 - Level 3.0 Shapeshifting


You had 2 spell levels left.
You didn't know any spells.
Your spell library was empty.

Dungeon Overview and Level Annotations

Branches:
Dungeon (2/15)

Altars:


Innate Abilities, Weirdness & Mutations

You are a hulking beast.
Your limbs bulge with bestial killing power. (Slay +1)
You cannot wear most types of armour.
You are amphibious.
You can wear up to eight rings at the same time.
Your skin changes colour to match your surroundings (Stealth+).
Your rubbery body absorbs attacks. (AC +1, EV +1)
((You are camouflaged when in or above water. (Stealth+)))
You have tentacles for arms and can constrict up to eight enemies at once.


Message History

Found a scroll labelled XYAVYUMOSCH.
The helpless rat fails to defend itself.
You tentacle-slap the rat.
You kill the rat!
No target in view!
You now have 10 gold pieces (gained 7).
Found a stone staircase leading down.
i - a scroll labelled XYAVYUMOSCH A gnoll comes into view.
It is wielding a +0 spear.
A gnoll is nearby!
A gnoll comes into view. It is wielding a +0 halberd.
The gnoll shouts!
You hear an angry hiss.
A ball python comes into view.
A gnoll comes into view. It is wielding a +0 flail.
There is a stone staircase leading up here.
The ball python barely misses you. The ball python grabs you.
The ball python constricts you. The ball python barely misses you.
The ball python constricts you.
You tentacle-slap the ball python.
You kill the ball python!
The gnoll hits you with a +0 spear.
You see here a ball python corpse.
You bludgeon the gnoll! You grab the gnoll.
The gnoll is heavily wounded.
You constrict the gnoll. The gnoll hits you with a +0 spear.
You bludgeon the gnoll!
You kill the gnoll!
There is a stone staircase leading up here.
The gnoll barely misses you. The gnoll hits you with a +0 halberd!
Ouch! That really hurt!
* * * LOW HITPOINT WARNING * * *
You see here a ball python corpse.
You closely miss the gnoll. You grab the gnoll. You constrict the gnoll.
The gnoll misses you.
You tentacle-slap the gnoll.
You squeeze the gnoll, but do no damage.
The gnoll is moderately wounded.
You constrict the gnoll. The gnoll hits you with a +0 halberd!
You die...

....# ....#
#######....#
..Sg.......#
###..g.###.... #
#.##.######### #
#.#.S......... #
#.#..#############
#.#..# #...gh.<#
#.#.S### #.#######
#.#....# #.#
###+##.#.# #S#
.........###.#
........gS.g.#
........###..#
........# #..#
........# #..#


You could see a gnoll.

Vanquished Creatures
  A gnoll (D:2)
  5 dart slugs (D:1)
  4 endoplasms (D:1)
  2 giant cockroaches (D:1)
  2 hobgoblins (D:1)
  3 quokkas (D:1)
  3 ball pythons
  A bat (D:1)
  6 frilled lizards (D:1)
  2 goblins (D:1)
  A kobold (D:1)
  2 rats
32 creatures vanquished.

Notes
Turn   | Place    | Note
-------+----------+-------------------------------------------
     0 | D:1      | Newt the Octopode Shapeshifter began the quest for the Orb.
     0 | D:1      | Reached XP level 1. HP: 13/13 MP: 1/1
   202 | D:1      | Reached XP level 2. HP: 18/18 MP: 2/2
   408 | D:1      | Reached XP level 3. HP: 22/23 MP: 3/3
   960 | D:2      | Mangled by a gnoll

Illustrated notes

Levels and vault maps discovered:
D:1:      saegor_arrival_fortress, layout_loops_ring
D:2:      layout_basic, serial_shops, nicolae_shop_peninsula,
          kennysheep_generic_room_12, uniq_robin

Action                     || total
---------------------------++-------
  Melee: Unarmed           ||    66
         Constrict         ||    15
         Tentacles         ||     8
   Stab: Sleeping          ||    12
 Armour: Skin              ||    22
  Dodge: Dodged            ||    27

Table legend: (Time is in decaauts)
 A = Elapsed time spent in this place.
 B = Non-inter-level travel time spent in this place.
 C = Inter-level travel time spent in this place.
 D = Time resting spent in this place.
 E = Time spent auto-exploring this place.
 F = Levels seen in this place.
 G = Mean time per level.
                   A        B        C        D        E       F      G
               +--------+--------+--------+--------+--------+-----+--------+
         Total |    955 |    938 |     17 |      0 |    728 |   2 |  477.5 |
       Dungeon |    955 |    938 |     17 |      0 |    728 |   2 |  477.5 |
               +--------+--------+--------+--------+--------+-----+--------+

Top non-repeatable levels by time:
     D:1: 872 daAuts
     D:2: 83 daAuts
